 Dungeon Crawl Stone Soup version 0.26-a0-753-g4680b4fa2e (webtiles) character file.

Game seed: 15640329541492157137

25 Forecaster the Sneak (level 3, -1/30 HPs)
             Began as a Naga Enchanter on Nov 7, 2020.
             Slain by a hobgoblin (4 damage)
             ... on level 2 of the Dungeon.
             The game lasted 00:04:55 (1632 turns).

Forecaster the Sneak (Naga Enchanter)               Turns: 1632, Time: 00:04:56

Health: -1/30      AC:  2    Str: 10    XL:     3   Next: 6%
Magic:  1/6        EV: 10    Int: 15    God:
Gold:   36         SH:  0    Dex: 12    Spells: 3/6 levels left

rFire    . . .     SeeInvis +   a - +1 dagger
rCold    . . .     Faith    .   (no shield)
rNeg     . . .     Spirit   .   b - +0 robe
rPois    +         Reflect  .   (no helmet)
rElec    .         Harm     .   (no cloak)
rCorr    .         Rampage  .   (no gloves)
MR       .....                  (no barding)
Stlth    +++.......             (no amulet)
HPRegen  0.10/turn              (no ring)
MPRegen  0.10/turn              (no ring)

@: very slow
A: large, see invisible, deformed body, poison resistance, slowness 2, spit
poison 1, AC +1
a: Spit Poison


You were on level 2 of the Dungeon.
You visited 1 branch of the dungeon, and saw 2 of its levels.

You collected 36 gold pieces.

Inventory:

Hand Weapons
 a - a +1 dagger (weapon)
Armour
 b - a +0 robe (worn)
Jewellery
 f - a +6 ring of intelligence {unknown}
 j - an uncursed amulet of reflection {unknown}
Scrolls
 c - 2 scrolls of magic mapping {unknown}
 d - a scroll of teleportation {unknown}
 g - a scroll of immolation {unknown}
 h - a scroll of noise {unknown}
Potions
 i - a potion of cancellation {unknown}


   Skills:
 + Level 0.3 Fighting
 + Level 1.2 Short Blades
 + Level 1.6 Dodging
 + Level 4.7 Stealth
 + Level 2.4 Spellcasting
 + Level 3.4 Hexes


You had 3 spell levels left.
You knew the following spells:

 Your Spells              Type           Power        Failure   Level
a - Corona                Hex            ##.....      5%          1
b - Ensorcelled Hibernat  Hex/Ice        #.....       16%         2

Your spell library contained the following spells:

 Spells                   Type           Power        Failure   Level
 Confusing Touch          Hex            ##......     16%         3
 Tukima's Dance           Hex            ##......     16%         3
 Dazzling Flash           Conj/Hex       #.....       32%         3


Dungeon Overview and Level Annotations

Branches:
Dungeon (2/15)

Altars:


Innate Abilities, Weirdness & Mutations

You cannot wear boots.
Your serpentine skin is tough. (AC +1)
You have supernaturally acute eyesight. (SInv)
Armour fits poorly on your strangely shaped body.
Your system is resistant to poisons. (rPois)
You cover ground very slowly.
You can spit poison.


Message History

Aim: a hobgoblin (moderately wounded, chance to defeat MR: 64%)
The hobgoblin is outlined in light.
The hobgoblin closely misses you.
You hit the hobgoblin but do no damage.
The hobgoblin is moderately wounded.
The hobgoblin hits you.
* * * LOW HITPOINT WARNING * * *
You hit the hobgoblin.
You kill the hobgoblin!
You hit the rat.
The rat is moderately wounded.
The rat barely misses you.
You hit the rat.
You kill the rat!
Casting: Corona (safe; 5% risk of failure)
Confirm with . or Enter, or press ? or * to list all spells.
Aiming: Corona (safe; 5% risk of failure)
Press: ? - help, Shift-Dir - straight line, f - hobgoblin
Aim: a hobgoblin (almost dead, chance to defeat MR: 66%)
The hobgoblin barely resists.
The hobgoblin hits you.
You die...

#.......#...
#.#.##..#..####
#.#.##..#.....#
#.#.##..#..## #
###.#.##..#..g#.#
.#.......#...#.###..
#..#.##.....#.......
#..#..[....).######
#...#........g@...#
##..#.#####..####.##.
####..................
........#####...#.#.###
#####...#..............
#.......#.#####.#.#.##
#.##....#.##......# ..
#.....#.##.##.########
#.....#.##.##.........


You could see a hobgoblin.

Vanquished Creatures
  An adder (D:2)
  4 goblins (D:1)
  4 hobgoblins
  A bat (D:2)
  A frilled lizard (D:1)
  A kobold (D:1)
  5 rats
17 creatures vanquished.

Notes
Turn   | Place    | Note
-------+----------+-------------------------------------------
     0 | D:1      | Forecaster the Naga Enchanter began the quest for the Orb.
     0 | D:1      | Reached XP level 1. HP: 15/15 MP: 3/3
   335 | D:1      | Reached XP level 2. HP: 9/22 MP: 1/5
   339 | D:1      | Learned a level 2 spell: Ensorcelled Hibernation
  1616 | D:2      | Reached XP level 3. HP: 5/30 MP: 4/6
  1620 | D:2      | HP: 1/30 [hobgoblin (2)]
  1632 | D:2      | Slain by a hobgoblin

Illustrated notes

Levels and vault maps discovered:
D:1:      kennysheep_arrival_forest, layout_basic, fountainhead,
          serial_park_tiny_1
D:2:      minmay_evil_eye, layout_basic

Action                   || total
-------------------------++-------
Melee: Dagger            ||    71
 Cast: Corona            ||    28
  Use: Potion            ||     1
Armor: Robe              ||     7
Dodge: Dodged            ||    39

Table legend: (Time is in decaauts)
 A = Elapsed time spent in this place.
 B = Non-inter-level travel time spent in this place.
 C = Inter-level travel time spent in this place.
 D = Time resting spent in this place.
 E = Time spent auto-exploring this place.
 F = Levels seen in this place.
 G = Mean time per level.
                   A        B        C        D        E       F      G
               +--------+--------+--------+--------+--------+-----+--------+
         Total |   1964 |   1879 |     85 |     19 |   1631 |   2 |  982.0 |
       Dungeon |   1964 |   1879 |     85 |     19 |   1631 |   2 |  982.0 |
               +--------+--------+--------+--------+--------+-----+--------+

Top non-repeatable levels by time:
     D:1: 1592 daAuts
     D:2: 371 daAuts
